 Zot Defence DCSS version 0.15.2 (webtiles) character file.

16605 Jannitor the Cleaver (level 12, 0/98 HPs)
             Began as a Demonspawn Berserker on July 4, 2017.
             Was a Believer of Trog.
             Slain by a wight
             ... wielding a +3 dire flail
              (3 damage)
             ... in the Realm of Zot (Scenario I: Hall of Zot).
             The game lasted 00:23:00 (2203 turns).

Jannitor the Cleaver (Demonspawn Berserker)         Turns: 2203, Time: 00:23:00

HP   0/98        AC 12     Str 22      XL: 12   Next: 11%
MP  12/12        EV  8     Int  9      God: Trog [**....]
Gold 0           SH  0     Dex 13      Spells:  0 memorised, 11 levels left

rFire  . . .     SeeInvis .     e - +0 battleaxe
rCold  + . .     Clarity  .     j - +0 chain mail
rNeg   . . .     rCorr    .     (no shield)
rPois  .         rRot     +     (no helmet)
rElec  .         Spirit   .     (no cloak)
SustAb .         Warding  .     (no gloves)
rMut   .         Stasis   .     (boots unavailable)
Gourm  .                        (no amulet)
MR     ++...                    (no ring)
                                (no ring)

@: lethally poisoned, short of breath, regenerating, slowed, very slow, very
resistant to hostile enchantments, extremely unstealthy
A: talons 3, molten scales 1, cold resistance 1, foul stench 1, rot immunity
a: Make oklob sapling, Make arrow trap, Make plant, Remove Curse, Make burning
bush, Make altar, Make grenades, Make oklob plant, Make net trap, Make ice
statue, Make spear trap, Make alarm trap, Make mushroom circle, Burn Spellbooks,
Berserk, Trog's Hand, Renounce Religion


You were in the Realm of Zot.
You worshipped Trog.
Trog was pleased with you.
You were not hungry.

You visited 1 branch

Inventory:

Hand weapons
 a - a +0 hand axe
 e - a +0 battleaxe (weapon)
Armour
 b - a +0 animal skin
 j - a +0 chain mail (worn)
Magical devices
 l - a wand of frost (13)
Comestibles
 d - a bread ration
Scrolls
 i - a scroll of blinking
Potions
 c - 2 potions of curing
 f - a potion of haste
 g - 2 potions of magic
 h - a potion of berserk rage
 k - a potion of invisibility {unknown}
 m - a potion of heal wounds


   Skills:
 + Level 10.4 Fighting
 * Level 12.9 Axes
 + Level 8.6 Armour
 - Level 4.1 Dodging


You had 11 spell levels left.
You didn't know any spells.

Dungeon Overview and Level Annotations

Branches:
    Zot (1/1)

Altars:

Annotations:
Zot Sonja


Innate Abilities, Weirdness & Mutations

You have claws for feet.
You are partially covered in molten scales (AC +1).
Your flesh is cold resistant.
You emit a foul stench.
You are immune to rotting.


Message History

Sonja unwields an uncursed short sword of distortion.
Its appearance distorts for a moment.
Sonja wields an uncursed blowgun.
Sonja shoots a curare-tipped needle.
The curare-tipped needle hits you.
You are poisoned.
You have difficulty breathing.
* * * LOW HITPOINT WARNING * * *
You feel as though you will be slow longer.
The wight barely misses you.
An arrow hits the wight!
Unholy energy fills the air.
* * * LOW HITPOINT WARNING * * *
Your oklob sapling spits acid at Sonja.
The splash of acid hits Sonja.
Sonja writhes in agony as her flesh is eaten away!
Your ice statue throws cold at the wight.
The bolt of cold hits the wight.
The wight resists.
The bolt of cold misses your ice beast.
Your burning bush throws fire past your burning bush.
The puff of flame hits something.
The wight hits you with a runed dire flail.
You die...

######### ######### ....####
####.... .......### ###.......
.........## ##.........
..........# ▓▓▓▓▓▓▓▓▓ #..........
..........▓▓▓PPPPP8P▓▓▓..J.......
........).▓▓.)...Y).P▓▓..........
.........[▓).%YPP)z...▓).........
..........))z.Kz@)Yz)zz..........
..........▓)!.§PPP...%▓..........
..........▓▓..)..Y.Y%▓▓).........
..........▓▓▓PP.P8PP▓▓▓..........
..........▓ ▓▓▓▓▓▓▓▓▓ ▓..........
.........▓▓ ▓▓.........
.......▓▓▓ ▓▓▓....... ....▓▓▓▓
▓▓▓▓.... ▓▓▓▓▓▓▓▓ ▓▓▓▓▓▓▓▓


You could see Sonja (bleeding), 6 wights, 2 friendly ice statues, a friendly
oklob plant, 7 friendly burning bushes, 5 friendly ice beasts and 7 friendly
oklob saplings.

Vanquished Creatures
  4 slime creatures (Zot)
  An orc warrior (Zot)
  A black bear (shapeshifter) (Zot)
  An insubstantial wisp (Zot)
  A giant frog zombie (Zot)
  A hound (Zot)
  An adder (Zot)
  3 giant mites (Zot)
  5 worms (Zot)
  4 oozes (Zot)
  3 bats (Zot)
  A goblin (Zot)
  2 hobgoblins (Zot)
  2 jackals (Zot)
  A ball python (Zot)
  2 giant newts (Zot)
  A giant newt skeleton (Zot)
  2 kobolds (Zot)
  3 kobold skeletons (Zot)
  A rat (Zot)
40 creatures vanquished.

Vanquished Creatures (collateral kills)
  Wiglaf (Zot)
  Harold (Zot)
  4 hill giants (Zot)
  A yaktaur (Zot)
  A baby alligator (shapeshifter) (Zot)
  23 slime creatures (Zot)
  A deep elf mage (Zot)
  2 vampires (Zot)
  A spriggan (shapeshifter) (Zot)
  2 wyverns (Zot)
  4 vampire mosquitoes (Zot)
  A naga (Zot)
  3 water moccasins (Zot)
  Edmund (Zot)
  A soldier ant (Zot)
  2 ogres (Zot)
  Purgy (Zot)
  3 boggarts (Zot)
  2 phantoms (Zot)
  13 giant frogs (Zot)
  Sigmund (Zot)
  Duvessa (Zot)
  An insubstantial wisp (Zot)
  A goliath beetle (Zot)
  2 scorpions (Zot)
  5 wights (Zot)
  2 giant frog zombies (Zot)
  6 hounds (Zot)
  2 iguanas (Zot)
  2 orc priests (Zot)
  An orange rat (Zot)
  2 worker ants (Zot)
  An orc wizard (Zot)
  A sheep (Zot)
  Ijyb (Zot)
  A gnoll (Zot)
  3 green rats (Zot)
  2 adders (Zot)
  3 shadow imps (Zot)
  4 giant mites (Zot)
  A worm (Zot)
  An orc skeleton (Zot)
  2 orcs (Zot)
  A ball python (Zot)
  7 hobgoblins (Zot)
  3 jackals (Zot)
  8 bats (Zot)
  4 giant cockroaches (Zot)
  4 giant newts (Zot)
  A giant newt zombie (Zot)
  18 goblins (Zot)
  3 goblin skeletons (Zot)
  2 goblin zombies (Zot)
  A hobgoblin skeleton (Zot)
  2 hobgoblin zombies (Zot)
  7 kobolds (Zot)
  A kobold skeleton (Zot)
  2 quokkas (Zot)
  7 rats (Zot)
  3 rat skeletons (Zot)
  A plant (Zot)
189 creatures vanquished.

Vanquished Creatures (others)
  11 ice beasts (Zot)
  4 oklob saplings (Zot)
  A ball python (Zot)
  2 goblins (Zot)
  A hobgoblin (Zot)
  2 kobolds (Zot)
  A giant newt (Zot)
  4 plants (Zot)
26 creatures vanquished.

Grand Total: 255 creatures vanquished

Notes
Turn   | Place    | Note
--------------------------------------------------------------
     0 | Zot      | Jannitor, the Demonspawn Berserker, began the quest for the Orb.
     0 | Zot      | Reached XP level 1. HP: 18/18 MP: 1/1
   222 | Zot      | Gained mutation: You have sharp toenails. [demonic ancestry]
   222 | Zot      | Reached XP level 2. HP: 13/24 MP: 2/2
   267 | Zot      | Gained mutation: You have razor-sharp toenails. [demonic ancestry]
   267 | Zot      | Reached XP level 3. HP: 8/29 MP: 3/3
   336 | Zot      | Noticed Bioddel
   343 | Zot      | Killed Bioddel the ogre
   343 | Zot      | Reached skill level 4 in Fighting
   343 | Zot      | Gained mutation: You are immune to rotting. [demonic ancestry]
   343 | Zot      | Reached XP level 4. HP: 24/37 MP: 4/4
   343 | Zot      | Gained mutation: You emit a foul stench. [demonic ancestry]
   343 | Zot      | Reached XP level 5. HP: 27/42 MP: 5/5
   443 | Zot      | Noticed Urtork
   458 | Zot      | Killed Urtork the orc warrior
   458 | Zot      | Reached skill level 5 in Axes
   458 | Zot      | Reached XP level 6. HP: 38/50 MP: 6/6
   458 | Zot      | Gained mutation: You are partially covered in molten scales (AC +1). [demonic ancestry]
   458 | Zot      | Reached XP level 7. HP: 41/55 MP: 7/7
   735 | Zot      | Reached skill level 5 in Fighting
   840 | Zot      | Noticed Grisif
   847 | Zot      | Reached skill level 6 in Axes
   851 | Zot      | Killed Grisif the deep elf mage
   851 | Zot      | Reached XP level 8. HP: 49/63 MP: 8/8
   931 | Zot      | Acquired Trog's second power
   939 | Zot      | Noticed Sigmund
   941 | Zot      | Killed Sigmund
  1042 | Zot      | Noticed Duvessa
  1046 | Zot      | Killed Duvessa
  1046 | Zot      | Reached skill level 7 in Axes
  1137 | Zot      | Noticed Edmund
  1144 | Zot      | Killed Edmund
  1144 | Zot      | Reached skill level 8 in Axes
  1241 | Zot      | Noticed Ijyb
  1241 | Zot      | Reached XP level 9. HP: 71/71 MP: 9/9
  1244 | Zot      | Killed Ijyb
  1341 | Zot      | Noticed Purgy
  1343 | Zot      | Killed Purgy
  1496 | Zot      | Reached skill level 9 in Axes
  1506 | Zot      | Reached skill level 5 in Armour
  1630 | Zot      | Gained mutation: Your flesh is cold resistant. [demonic ancestry]
  1630 | Zot      | Reached XP level 10. HP: 80/80 MP: 10/10
  1696 | Zot      | Reached skill level 10 in Axes
  1738 | Zot      | Noticed Harold
  1750 | Zot      | Killed Harold
  1909 | Zot      | Reached skill level 11 in Axes
  1919 | Zot      | Noticed an orb of fire
  1924 | Zot      | Noticed a hill giant
  1927 | Zot      | Noticed a golden dragon
  1929 | Zot      | Reached XP level 11. HP: 69/89 MP: 11/11
  1934 | Zot      | Noticed a hill giant
  1936 | Zot      | Killed a hill giant
  1941 | Zot      | Killed a hill giant
  1942 | Zot      | Noticed Myvuywna
  1944 | Zot      | Killed Myvuywna the hill giant
  2039 | Zot      | Noticed Wiglaf
  2055 | Zot      | Killed Wiglaf
  2055 | Zot      | Reached skill level 12 in Axes
  2114 | Zot      | Reached skill level 10 in Fighting
  2137 | Zot      | Noticed a hill giant
  2139 | Zot      | Killed a hill giant
  2140 | Zot      | Noticed Sonja
  2157 | Zot      | Gained mutation: You have claws for feet. [demonic ancestry]
  2157 | Zot      | Reached XP level 12. HP: 20/97 MP: 12/12
  2203 | Zot      | HP: 3/98 [something/vampiric draining (12)]
  2203 | Zot      | Slain by a wight

Action                   |  1- 3 |  4- 6 |  7- 9 | 10-12 || total
-------------------------+-------+-------+-------+-------++-------
Melee: Hand axe          |    33 |    14 |       |       ||    47
       Battleaxe         |       |       |    59 |    21 ||    80
Invok: Berserk           |     1 |     1 |       |     2 ||     4
       Trog's Hand       |       |       |       |     2 ||     2
 Abil: Make oklob saplin |     1 |     2 |     4 |     4 ||    11
       Make arrow trap   |     1 |       |       |       ||     1
       Make plant        |       |     2 |     1 |     4 ||     7
       Make burning bush |       |       |     2 |     5 ||     7
       Make oklob plant  |       |       |     1 |       ||     1
       Make ice statue   |       |       |       |     2 ||     2
  Use: Potion            |     1 |       |       |     1 ||     2
 Stab: Distracted        |     1 |       |     4 |       ||     5
